Gangsters vs Demolitions

Created - 20 octobre 2014 at 20:53

Goals
1 2 3 T
Gangsters 3 1 0 4
Demolitions 3 0 3 6
Shots
1 2 3 T
Gangsters 13 6 3 22
Demolitions 15 14 11 40

1st period

1. Gangsters , Igor Radulov 17 (Alexandre Bolduc, Ryan Jones) at 8:37 (PP)
2. Gangsters , Igor Radulov 18 (Ben Holmstrom, Richard Panik) at 11:09
3. Demolitions , Jordan LaVallee 8 (Darren Helm, Seth Helgeson) at 12:37
4. Gangsters , Ryan Jones 3 (Igor Radulov, Alexandre Bolduc) at 13:28 (PP)
5. Demolitions , Brad Richardson 8 (Daniel Paille, Brandon Dubinsky) at 14:57
6. Demolitions , Brad Richardson 9 (Brandon Dubinsky, Peter Harrold) at 15:09

Penalties :
Chris Wideman (Vic) for Goalie Interference (Minor) at 8:13, Peter Harrold (Vic) for Hooking (Minor) at 13:17

2nd period

7. Gangsters , Ryan Jones 4 (Igor Radulov, Alexandre Bolduc) at 9:25

Penalties :
Peter Harrold (Vic) for High sticking (Minor) at 9:34, Shaun Heska (Bro) for Interference (Minor) at 13:15, Peter Harrold (Vic) for Goalie Interference (Minor) at 17:50, Seth Helgeson (Vic) for Roughing (Minor) at 18:29

3rd period

8. Demolitions , Daniel Paille 6 (Brandon Dubinsky) at 14:04
9. Demolitions , Daniel Paille 7 (Brandon Dubinsky, Brad Richardson) at 16:25
10. Demolitions , Anthony Stewart 7 (T.J. Hensick, Peter Harrold) at 19:27 (PP)

Penalties :
Michael Sdao (Bro) for Tripping (Minor) at 4:00, Maxime Sauvé (Bro) for Hooking (Minor) at 9:51, Ben Holmstrom (Bro) for Roughing (Minor) at 18:53, Jaroslav Balastik (Bro) for Hooking (Minor) at 19:49

Goalie Stats

David LeNeveu (Bro), 34 saves from 40 shots - (0,850), L, 4-2-3, 60:00 minutes
Brent Krahn (Vic), 18 saves from 22 shots - (0,818), W, 1-6-0, 60:00 minutes

Players Stats for Gangsters

Player Name              G  A  P  +/- PIM S  H  SB GA TA FO     MP     PP MP  PK MP  
------------------------------------------------------------------------------------
Alexandre Bolduc         0  3  3   0  0   2  1  0  0  0  14/25  19:24   3:02   1:39 
Artem Anisimov           0  0  0  -2  0   1  4  0  0  0  3/6    17:54   2:10   0:00 
Ben Holmstrom            0  1  1   0  2   0  0  0  0  0  1/3     5:35   0:00   0:00 
Brett Ponich             0  0  0   0  0   0  1  1  1  0  0/0    13:36   0:00   1:05 
Bryan Young              0  0  0  -3  0   1  0  1  0  1  0/0    27:52   3:05   3:56 
Chris Bourque            0  0  0  -1  0   1  1  0  0  0  0/1    14:47   0:00   2:13 
Colten Teubert           0  0  0   0  0   2  1  0  0  0  0/0    19:37   2:07   2:45 
Curtis McKenzie          0  0  0   0  0   0  0  0  0  0  0/0     0:26   0:00   0:26 
Dave Dziurzynski         0  0  0   0  0   0  1  0  0  0  0/0     6:45   0:00   1:43 
Gabriel Dumont           0  0  0   0  0   0  0  0  0  0  0/0     0:00   0:00   0:00 
Igor Radulov             2  2  4   0  0   8  0  1  2  2  3/6    24:44   3:02   3:39 
Jaroslav Balastik        0  0  0  -2  2   2  3  2  1  0  0/1    21:11   2:10   3:42 
Luke Gazdic              0  0  0   0  0   0  0  0  0  0  0/0     0:00   0:00   0:00 
Matt Delahey             0  0  0   0  0   0  0  3  0  0  0/0    19:07   2:07   2:32 
Maxime Sauvé             0  0  0  -1  2   0  1  0  0  0  0/6    13:46   0:00   0:00 
Michael Sdao             0  0  0   0  2   0  0  0  0  0  0/0    13:01   0:00   0:13 
Mikko Lehtonen           0  0  0  -2  0   0  1  0  0  0  0/1    17:52   2:10   0:00 
Nathan Moon              0  0  0   0  0   0  0  0  0  0  0/0     0:00   0:00   0:00 
Phil McRae               0  0  0   0  0   0  0  0  0  0  0/0     0:00   0:00   0:00 
Richard Panik            0  1  1  -1  0   0  1  0  0  0  1/1    13:00   0:00   0:00 
Ryan Jones               2  1  3   0  0   3  2  1  0  0  4/5    17:45   3:02   0:00 
Shaun Heska              0  0  0  -3  2   2  0  3  1  0  0/0    26:52   3:05   2:51 

Players Stats for Demolitions

Player Name              G  A  P  +/- PIM S  H  SB GA TA FO     MP     PP MP  PK MP  
------------------------------------------------------------------------------------
Anssi Salmela            0  0  0  -1  0   2  0  1  0  0  0/0    19:51   2:50   2:51 
Anthony Stewart          1  0  1   0  0   2  3  0  0  1  0/0    16:54   2:54   0:18 
Anton Babchuk            0  0  0   3  0   0  0  1  0  1  0/0    27:13   3:51   2:56 
Bobby Butler             0  0  0   0  0   0  3  1  0  0  0/0    16:24   2:54   0:00 
Brad Richardson          2  1  3   4  0   4  3  0  1  0  0/3    21:32   3:38   2:29 
Brandon Dubinsky         0  4  4   4  0   4  2  0  1  0  16/28  22:25   3:38   3:22 
Chris Wideman            0  0  0   1  2   1  1  2  0  1  0/0    15:34   0:00   1:55 
Corban Knight            0  0  0  -1  0   1  0  0  0  1  2/3     8:18   0:00   0:46 
Daniel Paille            2  1  3   4  0   4  1  1  0  0  1/2    19:45   3:38   0:39 
Darren Helm              0  1  1   0  0   2  2  1  0  0  3/4    11:37   0:09   0:00 
Jordan LaVallee          1  0  1   0  0   8  0  0  1  0  0/0    11:50   0:09   0:13 
Konstantin Pushkarev     0  0  0   0  0   4  1  0  0  1  0/0    11:37   0:09   0:00 
Peter Harrold            0  2  2   3  6   2  1  0  0  0  0/0    24:53   3:51   0:39 
Petr Vrana               0  0  0  -1  0   1  1  1  0  0  0/0     8:40   0:00   1:08 
Seth Helgeson            0  1  1  -1  2   1  2  0  0  0  0/0    18:32   2:50   1:29 
Spencer Machacek         0  0  0  -1  0   2  3  0  0  0  1/1     7:32   0:00   0:00 
T.J. Hensick             0  1  1   0  0   2  1  0  0  0  6/14   16:24   2:54   0:00 
Tim Erixon               0  0  0   1  0   0  1  1  0  0  0/0    14:22   0:00   0:42 

3 Stars

1 - Brad Richardson (Vic)
2 - Daniel Paille (Vic)
3 - Brandon Dubinsky (Vic)

Power Play

Gangsters - 2 on 5 Attempt(s) - 40,00%
Demolitions - 1 on 5 Attempt(s) - 20,00%

Penalty Kill

Gangsters - 4 on 5 Attempt(s) - 80,00% - Score 0 goal in Penalty Kill
Demolitions - 3 on 5 Attempt(s) - 60,00% - Score 0 goal in Penalty Kill

Official

Referees : McCreary Bill and StPierre Justin
Linesman : Mark Shewchyk and Tony Sericolo

Game Notes

No Game Note

Finance

Level 1 -- Attendance: 1393 (69,65%) -- Ticket Income 48 755 $
Level 2 -- Attendance: 762 (76,20%) -- Ticket Income 11 430 $
Total Attendance: 2155 (71,83%)
Total Ticket Income: 60 185 $
Other Income: 3 009 $
Total Income: 63 194 $

Gangsters

5 vs 5 Forward 
   Center                   Left Wing                Right Wing               Time % Phy DF OF 
 1 Alexandre Bolduc         Igor Radulov             Ryan Jones               40     1   2  2  
 2 Artem Anisimov           Jaroslav Balastik        Mikko Lehtonen           30     1   2  2  
 3 Maxime Sauvé             Chris Bourque            Richard Panik            20     1   2  2  
 4 Ben Holmstrom            Dave Dziurzynski         Igor Radulov             10     1   2  2  

5 vs 5 Defense 
   Defense                  Defense                                           Time % Phy DF OF 
 1 Shaun Heska              Bryan Young                                       40     1   2  2  
 2 Colten Teubert           Matt Delahey                                      30     1   2  2  
 3 Michael Sdao             Brett Ponich                                      20     1   2  2  
 4 Shaun Heska              Bryan Young                                       10     1   2  2  

PowerPlay Forward 
   Center                   Left Wing                Right Wing               Time % Phy DF OF 
 1 Alexandre Bolduc         Igor Radulov             Ryan Jones               60     1   2  2  
 2 Artem Anisimov           Jaroslav Balastik        Mikko Lehtonen           40     1   2  2  

PowerPlay Defense
   Defense                  Defense                                           Time % Phy DF OF 
 1 Shaun Heska              Bryan Young                                       60     1   2  2  
 2 Colten Teubert           Matt Delahey                                      40     1   2  2  

Penalty Kill 4 Players Forward 
   Center                   Wing                     Time % Phy DF OF 
 1 Igor Radulov             Jaroslav Balastik        60     1   2  2  
 2 Chris Bourque            Alexandre Bolduc         40     1   2  2  

Penalty Kill 4 Players Defense
   Defense                  Defense                  Time % Phy DF OF 
 1 Shaun Heska              Bryan Young              60     1   2  2  
 2 Colten Teubert           Matt Delahey             40     1   2  2  

Penalty Kill - 3 Players Forward 
   Forward                                           Time % Phy DF OF 
 1 Igor Radulov                                      60     1   2  2  
 2 Jaroslav Balastik                                 40     1   2  2  

Penalty Kill - 3 Players Defense
   Defense                  Defense                  Time % Phy DF OF 
 1 Shaun Heska              Bryan Young              60     1   2  2  
 2 Colten Teubert           Matt Delahey             40     1   2  2  

4 vs 4 Forward 
   Center                   Wing                     Time % Phy DF OF 
 1 Igor Radulov             Jaroslav Balastik        60     1   2  2  
 2 Chris Bourque            Alexandre Bolduc         40     1   2  2  

4 vs 4 Defense
   Defense                  Defense                  Time % Phy DF OF 
 1 Shaun Heska              Bryan Young              60     1   2  2  
 2 Colten Teubert           Matt Delahey             40     1   2  2  

Last Minutes Offensive
   Center                   Left Wing                Right Wing               Defense                  Defense                  
   Alexandre Bolduc         Igor Radulov             Ryan Jones               Shaun Heska              Bryan Young              

Last Minutes Defensive
   Center                   Left Wing                Right Wing               Defense                  Defense                  
   Alexandre Bolduc         Igor Radulov             Ryan Jones               Shaun Heska              Bryan Young              

Goaltenders
Starting : David LeNeveu            
Backup : Dustin Tokarski          

Extra Forwards
Normal : Maxime Sauvé, Ben Holmstrom, Dave Dziurzynski - PP : Maxime Sauvé, Ben Holmstrom - PK : Dave Dziurzynski
Extra Defensemen
Normal : Michael Sdao, Brett Ponich, Colten Teubert - PP : Michael Sdao - PK : Brett Ponich, Colten Teubert
Penalty Shots
Igor Radulov, Jaroslav Balastik, Chris Bourque, Alexandre Bolduc, Ryan Jones

Demolitions

5 vs 5 Forward 
   Center                   Left Wing                Right Wing               Time % Phy DF OF 
 1 Brandon Dubinsky         Daniel Paille            Brad Richardson          40     1   2  2  
 2 T.J. Hensick             Bobby Butler             Anthony Stewart          30     1   2  2  
 3 Darren Helm              Jordan LaVallee          Konstantin Pushkarev     20     1   2  2  
 4 Corban Knight            Petr Vrana               Spencer Machacek         10     1   2  2  

5 vs 5 Defense 
   Defense                  Defense                                           Time % Phy DF OF 
 1 Anton Babchuk            Peter Harrold                                     40     1   2  2  
 2 Anssi Salmela            Seth Helgeson                                     30     1   2  2  
 3 Tim Erixon               Chris Wideman                                     20     1   2  2  
 4 Anton Babchuk            Peter Harrold                                     10     1   2  2  

PowerPlay Forward 
   Center                   Left Wing                Right Wing               Time % Phy DF OF 
 1 Brandon Dubinsky         Daniel Paille            Brad Richardson          60     1   2  2  
 2 T.J. Hensick             Bobby Butler             Anthony Stewart          40     1   2  2  

PowerPlay Defense
   Defense                  Defense                                           Time % Phy DF OF 
 1 Anton Babchuk            Peter Harrold                                     60     1   2  2  
 2 Anssi Salmela            Seth Helgeson                                     40     1   2  2  

Penalty Kill 4 Players Forward 
   Center                   Wing                     Time % Phy DF OF 
 1 Brandon Dubinsky         Brad Richardson          60     1   2  2  
 2 Anthony Stewart          Daniel Paille            40     1   2  2  

Penalty Kill 4 Players Defense
   Defense                  Defense                  Time % Phy DF OF 
 1 Anton Babchuk            Peter Harrold            60     1   2  2  
 2 Anssi Salmela            Seth Helgeson            40     1   2  2  

Penalty Kill - 3 Players Forward 
   Forward                                           Time % Phy DF OF 
 1 Brandon Dubinsky                                  60     1   2  2  
 2 Brad Richardson                                   40     1   2  2  

Penalty Kill - 3 Players Defense
   Defense                  Defense                  Time % Phy DF OF 
 1 Anton Babchuk            Peter Harrold            60     1   2  2  
 2 Anssi Salmela            Seth Helgeson            40     1   2  2  

4 vs 4 Forward 
   Center                   Wing                     Time % Phy DF OF 
 1 Brandon Dubinsky         Brad Richardson          60     1   2  2  
 2 Anthony Stewart          Daniel Paille            40     1   2  2  

4 vs 4 Defense
   Defense                  Defense                  Time % Phy DF OF 
 1 Anton Babchuk            Peter Harrold            60     1   2  2  
 2 Anssi Salmela            Seth Helgeson            40     1   2  2  

Last Minutes Offensive
   Center                   Left Wing                Right Wing               Defense                  Defense                  
   Brandon Dubinsky         Daniel Paille            Brad Richardson          Anton Babchuk            Peter Harrold            

Last Minutes Defensive
   Center                   Left Wing                Right Wing               Defense                  Defense                  
   Brandon Dubinsky         Daniel Paille            Brad Richardson          Anton Babchuk            Peter Harrold            

Goaltenders
Starting : Brent Krahn              
Backup : Chad Johnson             

Extra Forwards
Normal : Darren Helm, Jordan LaVallee, Petr Vrana - PP : Darren Helm, Jordan LaVallee - PK : Petr Vrana
Extra Defensemen
Normal : Tim Erixon, Chris Wideman, Anssi Salmela - PP : Tim Erixon - PK : Chris Wideman, Anssi Salmela
Penalty Shots
Brandon Dubinsky, Brad Richardson, Anthony Stewart, Daniel Paille, T.J. Hensick

% Time on Ice - Gangsters

Lines # - Real PCT - Wanted PCT - Time Play
Normal Forward
1 - 31% - 40% - 14:50
2 - 34% - 30% - 16:08
3 - 26% - 20% - 12:34
4 - 10% - 10% - 4:35
Normal Defense
1 - 39% - 40% - 18:40
2 - 30% - 30% - 14:28
3 - 26% - 20% - 12:31
4 - 5% - 10% - 2:28
PP Forward
1 - 58% - 60% - 3:02
2 - 42% - 40% - 2:10
PP Defense
1 - 59% - 60% - 3:05
2 - 41% - 40% - 2:07
PK Forward
1 - 81% - 60% - 5:24
2 - 19% - 40% - 1:17
PK Defense
1 - 62% - 60% - 4:09
2 - 38% - 40% - 2:32
PK3 Forward
1 - 0% - 60%
2 - 0% - 40%
PK3 Defense
1 - 0% - 60%
2 - 0% - 40%
44 Forward
1 - 0% - 60%
2 - 0% - 40%
44 Defense
1 - 0% - 60%
2 - 0% - 40%
Last Minute Offensive  - 0:00
Last Minute Defensive  - 0:00
Total
Forward - 60:00
Defense - 60:00

% Time on Ice - Demolitions

Lines # - Real PCT - Wanted PCT - Time Play
Normal Forward
1 - 32% - 40% - 15:38
2 - 28% - 30% - 13:42
3 - 23% - 20% - 11:15
4 - 16% - 10% - 7:32
Normal Defense
1 - 38% - 40% - 18:13
2 - 29% - 30% - 14:01
3 - 28% - 20% - 13:40
4 - 5% - 10% - 2:13
PP Forward
1 - 57% - 60% - 3:47
2 - 43% - 40% - 2:54
PP Defense
1 - 58% - 60% - 3:51
2 - 42% - 40% - 2:50
PK Forward
1 - 92% - 60% - 3:34
2 - 8% - 40% - 0:18
PK Defense
1 - 59% - 60% - 2:17
2 - 41% - 40% - 1:35
PK3 Forward
1 - 96% - 60% - 1:17
2 - 4% - 40% - 0:03
PK3 Defense
1 - 59% - 60% - 0:47
2 - 41% - 40% - 0:33
44 Forward
1 - 0% - 60%
2 - 0% - 40%
44 Defense
1 - 0% - 60%
2 - 0% - 40%
Last Minute Offensive  - 0:00
Last Minute Defensive  - 0:00
Total
Forward - 60:00
Defense - 60:00

Play by Play

1st period


0:01 of 1st period - Alexandre Bolduc wins face-off versus Brandon Dubinsky in neutral zone.
0:04 of 1st period - Slapshot by Igor Radulov.
0:04 of 1st period - Shot Misses the Net.
0:12 of 1st period - Shaun Heska is hit by Daniel Paille and loses puck.
0:47 of 1st period - Slapshot by Chris Bourque.
0:47 of 1st period - Shot Misses the Net.
0:59 of 1st period - Wrist shot by T.J. Hensick.
0:59 of 1st period - Shot Blocked by Matt Delahey.
1:30 of 1st period - Off-side.
1:31 of 1st period - Alexandre Bolduc wins face-off versus Brandon Dubinsky in neutral zone.
1:36 of 1st period - Slapshot by Igor Radulov.
1:36 of 1st period - Shot Hit the Post.
1:54 of 1st period - Michael Sdao is hit by Spencer Machacek and loses puck.
2:56 of 1st period - Wrist shot by Brandon Dubinsky.
2:56 of 1st period - Shot Blocked by Bryan Young.
3:02 of 1st period - Igor Radulov is hit by Peter Harrold and loses puck.
3:16 of 1st period - Off-side.
3:17 of 1st period - Spencer Machacek wins face-off versus Artem Anisimov in neutral zone.
3:42 of 1st period - Maxime Sauvé is hit by Brad Richardson and loses puck.
4:13 of 1st period - Wrist shot by Darren Helm.
4:13 of 1st period - Shot Blocked by Brett Ponich.
4:51 of 1st period - Bryan Young is hit by Seth Helgeson and loses puck.
5:23 of 1st period - Shaun Heska is hit by Darren Helm and loses puck.
5:47 of 1st period - Wrist shot by Brandon Dubinsky.
5:47 of 1st period - Stopped by David LeNeveu with a rebound.
6:07 of 1st period - Anthony Stewart is hit by Colten Teubert and loses puck.
6:28 of 1st period - Michael Sdao is hit by Spencer Machacek and loses puck.
6:47 of 1st period - Snap shot by Konstantin Pushkarev.
6:47 of 1st period - Shot Misses the Net.
6:50 of 1st period - Icing by Brett Ponich.
6:51 of 1st period - Brandon Dubinsky wins face-off versus Maxime Sauvé in Gangsters zone.
7:22 of 1st period - Snap shot by Brandon Dubinsky.
7:22 of 1st period - Shot Misses the Net.
7:28 of 1st period - Peter Harrold is hit by Artem Anisimov.
7:41 of 1st period - Snap shot by Mikko Lehtonen.
7:41 of 1st period - Shot Blocked by Daniel Paille.
7:43 of 1st period - Slapshot by Shaun Heska.
7:43 of 1st period - Stopped by Brent Krahn with a rebound.
7:45 of 1st period - Snap shot by Mikko Lehtonen.
7:45 of 1st period - Shot Misses the Net.
8:05 of 1st period - Wrist shot by Artem Anisimov.
8:05 of 1st period - Shot Misses the Net.
8:07 of 1st period - Slapshot by Shaun Heska.
8:07 of 1st period - Stopped by Brent Krahn without a rebound.
8:08 of 1st period - Alexandre Bolduc wins face-off versus T.J. Hensick in Demolitions zone.
8:11 of 1st period - Snap shot by Igor Radulov.
8:11 of 1st period - Shot Misses the Net.
8:13 of 1st period - Minor Penalty to Chris Wideman for Goalie Interference.
8:14 of 1st period - Alexandre Bolduc wins face-off versus Brandon Dubinsky in Demolitions zone.
8:21 of 1st period - Snap shot by Ryan Jones.
8:21 of 1st period - Stopped by Brent Krahn without a rebound.
8:22 of 1st period - Alexandre Bolduc wins face-off versus Brandon Dubinsky in Demolitions zone.
8:37 of 1st period - Snap shot by Igor Radulov.
8:37 of 1st period - Goal by Igor Radulov - Gangsters : 1 - Demolitions : 0.
8:38 of 1st period - Alexandre Bolduc wins face-off versus T.J. Hensick in neutral zone.
8:50 of 1st period - Snap shot by Igor Radulov.
8:50 of 1st period - Shot Misses the Net.
9:36 of 1st period - Colten Teubert is hit by Brandon Dubinsky and loses puck.
9:47 of 1st period - Spencer Machacek is hit by Dave Dziurzynski and loses puck.
9:56 of 1st period - Slapshot by Igor Radulov.
9:56 of 1st period - Shot Blocked by Anssi Salmela.
9:58 of 1st period - Slapshot by Matt Delahey.
9:58 of 1st period - Deflect By Igor Radulov.
9:58 of 1st period - Shot Blocked by Petr Vrana.
9:58 of 1st period - Puck is out of play.
9:59 of 1st period - T.J. Hensick wins face-off versus Alexandre Bolduc in Demolitions zone.
10:51 of 1st period - Wrist shot by Jordan LaVallee.
10:51 of 1st period - Shot Misses the Net.
10:53 of 1st period - Wrist shot by Darren Helm.
10:53 of 1st period - Deflect By Konstantin Pushkarev.
10:53 of 1st period - Stopped by David LeNeveu with a rebound.
10:55 of 1st period - Wrist shot by Jordan LaVallee.
10:55 of 1st period - Stopped by David LeNeveu with a rebound.
11:09 of 1st period - Snap shot by Igor Radulov.
11:09 of 1st period - Goal by Igor Radulov - Gangsters : 2 - Demolitions : 0.
11:10 of 1st period - Alexandre Bolduc wins face-off versus T.J. Hensick in neutral zone.
12:00 of 1st period - Wrist shot by Igor Radulov.
12:00 of 1st period - Deflect By Alexandre Bolduc.
12:00 of 1st period - Stopped by Brent Krahn without a rebound.
12:01 of 1st period - T.J. Hensick wins face-off versus Artem Anisimov in Demolitions zone.
12:01 of 1st period - T.J. Hensick is hit by Jaroslav Balastik.
12:31 of 1st period - Wrist shot by Jordan LaVallee.
12:31 of 1st period - Stopped by David LeNeveu with a rebound.
12:33 of 1st period - Wrist shot by Jordan LaVallee.
12:33 of 1st period - Stopped by David LeNeveu with a rebound.
12:35 of 1st period - Snap shot by Darren Helm.
12:35 of 1st period - Shot Misses the Net.
12:37 of 1st period - Wrist shot by Jordan LaVallee.
12:37 of 1st period - Goal by Jordan LaVallee - Gangsters : 2 - Demolitions : 1.
12:38 of 1st period - Ryan Jones wins face-off versus Daniel Paille in neutral zone.
12:51 of 1st period - Bryan Young is hit by Brad Richardson and loses puck.
13:10 of 1st period - Snap shot by Maxime Sauvé.
13:10 of 1st period - Shot Misses the Net.
13:17 of 1st period - Minor Penalty to Peter Harrold for Hooking.
13:18 of 1st period - Alexandre Bolduc wins face-off versus Brandon Dubinsky in Demolitions zone.
13:28 of 1st period - Slapshot by Ryan Jones.
13:28 of 1st period - Goal by Ryan Jones - Gangsters : 3 - Demolitions : 1.
13:29 of 1st period - Brandon Dubinsky wins face-off versus Alexandre Bolduc in neutral zone.
13:40 of 1st period - Snap shot by Igor Radulov.
13:40 of 1st period - Stopped by Brent Krahn with a rebound.
13:42 of 1st period - Snap shot by Igor Radulov.
13:42 of 1st period - Stopped by Brent Krahn without a rebound.
13:43 of 1st period - Igor Radulov wins face-off versus T.J. Hensick in Demolitions zone.
13:46 of 1st period - Wrist shot by Igor Radulov.
13:46 of 1st period - Stopped by Brent Krahn without a rebound.
13:47 of 1st period - Alexandre Bolduc wins face-off versus T.J. Hensick in Demolitions zone.
14:02 of 1st period - Wrist shot by Alexandre Bolduc.
14:02 of 1st period - Shot Misses the Net.
14:32 of 1st period - Wrist shot by Jordan LaVallee.
14:32 of 1st period - Deflect By Richard Panik.
14:32 of 1st period - Stopped by David LeNeveu with a rebound.
14:34 of 1st period - Wrist shot by Darren Helm.
14:34 of 1st period - Shot Misses the Net.
14:36 of 1st period - Wrist shot by Darren Helm.
14:36 of 1st period - Stopped by David LeNeveu with a rebound.
14:41 of 1st period - Icing by Colten Teubert.
14:42 of 1st period - Brandon Dubinsky wins face-off versus Maxime Sauvé in Gangsters zone.
14:47 of 1st period - Wrist shot by Brandon Dubinsky.
14:47 of 1st period - Shot Blocked by Matt Delahey.
14:55 of 1st period - Snap shot by Daniel Paille.
14:55 of 1st period - Shot Misses the Net.
14:57 of 1st period - Snap shot by Brad Richardson.
14:57 of 1st period - Goal by Brad Richardson - Gangsters : 3 - Demolitions : 2.
14:58 of 1st period - Brandon Dubinsky wins face-off versus Ryan Jones in neutral zone.
15:01 of 1st period - Wrist shot by Brandon Dubinsky.
15:01 of 1st period - Shot Misses the Net.
15:03 of 1st period - Wrist shot by Brandon Dubinsky.
15:03 of 1st period - Stopped by David LeNeveu with a rebound.
15:05 of 1st period - Wrist shot by Peter Harrold.
15:05 of 1st period - Shot Blocked by Ryan Jones.
15:09 of 1st period - Wrist shot by Brad Richardson.
15:09 of 1st period - Goal by Brad Richardson - Gangsters : 3 - Demolitions : 3.
15:10 of 1st period - Alexandre Bolduc wins face-off versus T.J. Hensick in neutral zone.
15:21 of 1st period - Wrist shot by Igor Radulov.
15:21 of 1st period - Stopped by Brent Krahn with a rebound.
15:23 of 1st period - Slapshot by Bryan Young.
15:23 of 1st period - Stopped by Brent Krahn with a rebound.
15:25 of 1st period - Slapshot by Bryan Young.
15:25 of 1st period - Shot Blocked by Anton Babchuk.
15:35 of 1st period - Shaun Heska is hit by Brandon Dubinsky and loses puck.
16:02 of 1st period - Slapshot by Jordan LaVallee.
16:02 of 1st period - Shot Misses the Net.
16:04 of 1st period - Slapshot by Jordan LaVallee.
16:04 of 1st period - Shot Misses the Net.
16:06 of 1st period - Snap shot by Konstantin Pushkarev.
16:06 of 1st period - Shot Blocked by Shaun Heska.
16:20 of 1st period - Snap shot by Igor Radulov.
16:20 of 1st period - Stopped by Brent Krahn without a rebound.
16:21 of 1st period - Ben Holmstrom wins face-off versus Brad Richardson in Demolitions zone.
17:32 of 1st period - Jaroslav Balastik is hit by Spencer Machacek and loses puck.
17:37 of 1st period - Snap shot by Spencer Machacek.
17:37 of 1st period - Deflect By Corban Knight.
17:37 of 1st period - Stopped by David LeNeveu with a rebound.
17:42 of 1st period - Off-side.
17:43 of 1st period - Brandon Dubinsky wins face-off versus Maxime Sauvé in neutral zone.
18:10 of 1st period - Anssi Salmela is hit by Ryan Jones and loses puck.
18:44 of 1st period - Icing by Corban Knight.
18:45 of 1st period - Darren Helm wins face-off versus Ben Holmstrom in Demolitions zone.
19:14 of 1st period - Slapshot by Brandon Dubinsky.
19:14 of 1st period - Stopped by David LeNeveu with a rebound.
19:16 of 1st period - Snap shot by Brandon Dubinsky.
19:16 of 1st period - Stopped by David LeNeveu with a rebound.
19:18 of 1st period - Snap shot by Daniel Paille.
19:18 of 1st period - Shot Blocked by Shaun Heska.
19:20 of 1st period - Slapshot by Chris Wideman.
19:20 of 1st period - Deflect By Bryan Young.
19:20 of 1st period - Stopped by David LeNeveu with a rebound.
19:30 of 1st period - Mikko Lehtonen is hit by Anthony Stewart and loses puck.
19:52 of 1st period - Ryan Jones is hit by Petr Vrana and loses puck.
Goals for this period are 3 for Gangsters vs 3 for Demolitions.
Shots for this period are 13 for Gangsters vs 15 for Demolitions.

2nd period


0:01 of 2nd period - Brandon Dubinsky wins face-off versus Alexandre Bolduc in neutral zone.
0:14 of 2nd period - Snap shot by Brad Richardson.
0:14 of 2nd period - Stopped by David LeNeveu with a rebound.
0:48 of 2nd period - Wrist shot by Darren Helm.
0:48 of 2nd period - Stopped by David LeNeveu without a rebound.
0:49 of 2nd period - Darren Helm wins face-off versus Maxime Sauvé in Gangsters zone.
1:00 of 2nd period - Wrist shot by Jordan LaVallee.
1:00 of 2nd period - Stopped by David LeNeveu without a rebound.
1:01 of 2nd period - Brandon Dubinsky wins face-off versus Alexandre Bolduc in Gangsters zone.
1:26 of 2nd period - Matt Delahey is hit by Bobby Butler and loses puck.
1:53 of 2nd period - Slapshot by Konstantin Pushkarev.
1:53 of 2nd period - Stopped by David LeNeveu without a rebound.
1:54 of 2nd period - Darren Helm wins face-off versus Alexandre Bolduc in Gangsters zone.
2:03 of 2nd period - Wrist shot by Konstantin Pushkarev.
2:03 of 2nd period - Stopped by David LeNeveu without a rebound.
2:04 of 2nd period - Ryan Jones wins face-off versus Brad Richardson in Gangsters zone.
2:32 of 2nd period - Slapshot by Daniel Paille.
2:32 of 2nd period - Stopped by David LeNeveu with a rebound.
2:34 of 2nd period - Wrist shot by Brad Richardson.
2:34 of 2nd period - Shot Blocked by Igor Radulov.
2:36 of 2nd period - Slapshot by Peter Harrold.
2:36 of 2nd period - Stopped by David LeNeveu without a rebound.
2:37 of 2nd period - Artem Anisimov wins face-off versus T.J. Hensick in Gangsters zone.
2:37 of 2nd period - Artem Anisimov is hit by Bobby Butler.
4:05 of 2nd period - Slapshot by Igor Radulov.
4:05 of 2nd period - Stopped by Brent Krahn without a rebound.
4:06 of 2nd period - T.J. Hensick wins face-off versus Alexandre Bolduc in Demolitions zone.
4:40 of 2nd period - Daniel Paille is hit by Brett Ponich.
5:12 of 2nd period - Wrist shot by Petr Vrana.
5:12 of 2nd period - Stopped by David LeNeveu without a rebound.
5:13 of 2nd period - Corban Knight wins face-off versus Alexandre Bolduc in Gangsters zone.
5:14 of 2nd period - Slapshot by Anton Babchuk.
5:14 of 2nd period - Shot Misses the Net.
5:38 of 2nd period - Mikko Lehtonen is hit by Bobby Butler and loses puck.
6:46 of 2nd period - T.J. Hensick is hit by Artem Anisimov and loses puck.
7:10 of 2nd period - Backhand shot by Spencer Machacek.
7:10 of 2nd period - Stopped by David LeNeveu with a rebound.
7:31 of 2nd period - Peter Harrold is hit by Maxime Sauvé and loses puck.
7:42 of 2nd period - Shaun Heska is hit by Konstantin Pushkarev and loses puck.
7:49 of 2nd period - Wrist shot by Darren Helm.
7:49 of 2nd period - Shot Misses the Net.
7:51 of 2nd period - Slapshot by Anssi Salmela.
7:51 of 2nd period - Stopped by David LeNeveu with a rebound.
7:53 of 2nd period - Snap shot by Jordan LaVallee.
7:53 of 2nd period - Stopped by David LeNeveu without a rebound.
7:54 of 2nd period - Richard Panik wins face-off versus T.J. Hensick in Gangsters zone.
8:30 of 2nd period - Snap shot by Brad Richardson.
8:30 of 2nd period - Shot Blocked by Jaroslav Balastik.
8:47 of 2nd period - Off-side.
8:48 of 2nd period - Alexandre Bolduc wins face-off versus Brandon Dubinsky in neutral zone.
9:23 of 2nd period - Slapshot by Igor Radulov.
9:23 of 2nd period - Shot Blocked by Chris Wideman.
9:25 of 2nd period - Backhand shot by Ryan Jones.
9:25 of 2nd period - Goal by Ryan Jones - Gangsters : 4 - Demolitions : 3.
9:26 of 2nd period - Brandon Dubinsky wins face-off versus Mikko Lehtonen in neutral zone.
9:34 of 2nd period - Minor Penalty to Peter Harrold for High sticking.
9:35 of 2nd period - Brandon Dubinsky wins face-off versus Alexandre Bolduc in Demolitions zone.
11:10 of 2nd period - Snap shot by Corban Knight.
11:10 of 2nd period - Shot Misses the Net.
11:12 of 2nd period - Snap shot by Jordan LaVallee.
11:12 of 2nd period - Stopped by David LeNeveu without a rebound.
11:13 of 2nd period - Brandon Dubinsky wins face-off versus Artem Anisimov in Gangsters zone.
11:34 of 2nd period - Penalty to Peter Harrold is over, Peter Harrold is back on ice.
11:42 of 2nd period - Wrist shot by Chris Bourque.
11:42 of 2nd period - Stopped by Brent Krahn without a rebound.
11:43 of 2nd period - T.J. Hensick wins face-off versus Maxime Sauvé in Demolitions zone.
11:43 of 2nd period - T.J. Hensick is hit by Chris Bourque.
11:59 of 2nd period - Wrist shot by Chris Bourque.
11:59 of 2nd period - Shot Blocked by Tim Erixon.
12:28 of 2nd period - Wrist shot by Maxime Sauvé.
12:28 of 2nd period - Shot Blocked by Chris Wideman.
12:30 of 2nd period - Backhand shot by Colten Teubert.
12:30 of 2nd period - Stopped by Brent Krahn with a rebound.
12:32 of 2nd period - Slapshot by Matt Delahey.
12:32 of 2nd period - Shot Blocked by Bobby Butler.
12:38 of 2nd period - Slapshot by Maxime Sauvé.
12:38 of 2nd period - Shot Misses the Net.
12:40 of 2nd period - Slapshot by Colten Teubert.
12:40 of 2nd period - Stopped by Brent Krahn without a rebound.
12:41 of 2nd period - Alexandre Bolduc wins face-off versus Brandon Dubinsky in Demolitions zone.
12:44 of 2nd period - Wrist shot by Igor Radulov.
12:44 of 2nd period - Shot Misses the Net.
13:15 of 2nd period - Minor Penalty to Shaun Heska for Interference.
13:16 of 2nd period - Brandon Dubinsky wins face-off versus Igor Radulov in Gangsters zone.
13:16 of 2nd period - Snap shot by Brad Richardson.
13:16 of 2nd period - Stopped by David LeNeveu without a rebound.
13:17 of 2nd period - Igor Radulov wins face-off versus Brandon Dubinsky in Gangsters zone.
14:11 of 2nd period - Wrist shot by Anthony Stewart.
14:11 of 2nd period - Stopped by David LeNeveu with a rebound.
15:15 of 2nd period - Penalty to Shaun Heska is over, Shaun Heska is back on ice.
16:55 of 2nd period - Dave Dziurzynski is hit by Anthony Stewart and loses puck.
17:08 of 2nd period - Jordan LaVallee is hit by Mikko Lehtonen and loses puck.
17:50 of 2nd period - Minor Penalty to Peter Harrold for Goalie Interference.
17:51 of 2nd period - Alexandre Bolduc wins face-off versus Brandon Dubinsky in Demolitions zone.
18:03 of 2nd period - Snap shot by Alexandre Bolduc.
18:03 of 2nd period - Stopped by Brent Krahn with a rebound.
18:29 of 2nd period - Minor Penalty to Seth Helgeson for Roughing.
18:30 of 2nd period - Brandon Dubinsky wins face-off versus Alexandre Bolduc in Demolitions zone.
18:55 of 2nd period - Shaun Heska is hit by Chris Wideman.
19:32 of 2nd period - Off-side.
19:33 of 2nd period - Artem Anisimov wins face-off versus Corban Knight in neutral zone.
19:46 of 2nd period - Bryan Young is hit by Tim Erixon and loses puck.
19:50 of 2nd period - Penalty to Peter Harrold is over, Peter Harrold is back on ice.
Goals for this period are 1 for Gangsters vs 0 for Demolitions.
Shots for this period are 6 for Gangsters vs 14 for Demolitions.

3rd period


0:01 of 3rd period - Ryan Jones wins face-off versus Brandon Dubinsky in neutral zone.
0:29 of 3rd period - Penalty to Seth Helgeson is over, Seth Helgeson is back on ice.
0:32 of 3rd period - Slapshot by Artem Anisimov.
0:32 of 3rd period - Deflect By Anton Babchuk.
0:32 of 3rd period - Stopped by Brent Krahn with a rebound.
0:56 of 3rd period - Slapshot by Peter Harrold.
0:56 of 3rd period - Stopped by David LeNeveu without a rebound.
0:57 of 3rd period - Ryan Jones wins face-off versus Brandon Dubinsky in Gangsters zone.
1:22 of 3rd period - Mikko Lehtonen is hit by Anthony Stewart and loses puck.
1:29 of 3rd period - Slapshot by T.J. Hensick.
1:29 of 3rd period - Shot Misses the Net.
1:47 of 3rd period - Wrist shot by Maxime Sauvé.
1:47 of 3rd period - Shot Blocked by Darren Helm.
2:23 of 3rd period - Bobby Butler is hit by Artem Anisimov.
4:00 of 3rd period - Minor Penalty to Michael Sdao for Tripping.
4:01 of 3rd period - Igor Radulov wins face-off versus Brandon Dubinsky in Gangsters zone.
4:30 of 3rd period - Snap shot by T.J. Hensick.
4:30 of 3rd period - Shot Misses the Net.
4:32 of 3rd period - Slapshot by Anssi Salmela.
4:32 of 3rd period - Shot Blocked by Shaun Heska.
4:34 of 3rd period - Wrist shot by Anthony Stewart.
4:34 of 3rd period - Shot Blocked by Jaroslav Balastik.
4:36 of 3rd period - Wrist shot by T.J. Hensick.
4:36 of 3rd period - Stopped by David LeNeveu with a rebound.
5:28 of 3rd period - Snap shot by Jaroslav Balastik.
5:28 of 3rd period - Stopped by Brent Krahn without a rebound.
5:29 of 3rd period - T.J. Hensick wins face-off versus Chris Bourque in Demolitions zone.
6:00 of 3rd period - Penalty to Michael Sdao is over, Michael Sdao is back on ice.
6:28 of 3rd period - Wrist shot by Spencer Machacek.
6:28 of 3rd period - Shot Misses the Net.
6:30 of 3rd period - Slapshot by Seth Helgeson.
6:30 of 3rd period - Stopped by David LeNeveu with a rebound.
7:40 of 3rd period - Slapshot by Shaun Heska.
7:40 of 3rd period - Shot Misses the Net.
8:00 of 3rd period - Snap shot by Konstantin Pushkarev.
8:00 of 3rd period - Stopped by David LeNeveu with a rebound.
8:14 of 3rd period - Brad Richardson is hit by Jaroslav Balastik and loses puck.
8:44 of 3rd period - Ryan Jones is hit by Darren Helm and loses puck.
8:59 of 3rd period - Tim Erixon is hit by Jaroslav Balastik and loses puck.
9:06 of 3rd period - Matt Delahey is hit by Seth Helgeson and loses puck.
9:29 of 3rd period - Icing by Richard Panik.
9:30 of 3rd period - T.J. Hensick wins face-off versus Maxime Sauvé in Gangsters zone.
9:51 of 3rd period - Minor Penalty to Maxime Sauvé for Hooking.
9:52 of 3rd period - Brandon Dubinsky wins face-off versus Igor Radulov in Gangsters zone.
10:26 of 3rd period - Peter Harrold is hit by Alexandre Bolduc and loses puck.
11:23 of 3rd period - Igor Radulov is hit by T.J. Hensick and loses puck.
11:51 of 3rd period - Penalty to Maxime Sauvé is over, Maxime Sauvé is back on ice.
12:12 of 3rd period - Wrist shot by Spencer Machacek.
12:12 of 3rd period - Stopped by David LeNeveu with a rebound.
12:14 of 3rd period - Slapshot by Chris Wideman.
12:14 of 3rd period - Deflect By Corban Knight.
12:14 of 3rd period - Shot Misses the Net.
12:14 of 3rd period - Puck is out of play.
12:15 of 3rd period - Corban Knight wins face-off versus Alexandre Bolduc in Gangsters zone.
13:33 of 3rd period - Wrist shot by Petr Vrana.
13:33 of 3rd period - Shot Misses the Net.
14:00 of 3rd period - Icing by Bryan Young.
14:01 of 3rd period - Brandon Dubinsky wins face-off versus Ben Holmstrom in Gangsters zone.
14:04 of 3rd period - Snap shot by Daniel Paille.
14:04 of 3rd period - Goal by Daniel Paille - Gangsters : 4 - Demolitions : 4.
14:05 of 3rd period - Alexandre Bolduc wins face-off versus Brad Richardson in neutral zone.
14:32 of 3rd period - Anton Babchuk is hit by Artem Anisimov and loses puck.
14:37 of 3rd period - Wrist shot by Jaroslav Balastik.
14:37 of 3rd period - Stopped by Brent Krahn with a rebound.
14:57 of 3rd period - Darren Helm is hit by Richard Panik and loses puck.
15:12 of 3rd period - Spencer Machacek is hit by Ryan Jones.
15:39 of 3rd period - Slapshot by Brad Richardson.
15:39 of 3rd period - Shot Misses the Net.
15:41 of 3rd period - Snap shot by Brandon Dubinsky.
15:41 of 3rd period - Deflect By Daniel Paille.
15:41 of 3rd period - Stopped by David LeNeveu with a rebound.
16:01 of 3rd period - Slapshot by Anssi Salmela.
16:01 of 3rd period - Stopped by David LeNeveu with a rebound.
16:25 of 3rd period - Wrist shot by Daniel Paille.
16:25 of 3rd period - Goal by Daniel Paille - Gangsters : 4 - Demolitions : 5.
16:26 of 3rd period - Brandon Dubinsky wins face-off versus Alexandre Bolduc in neutral zone.
17:01 of 3rd period - Slapshot by T.J. Hensick.
17:01 of 3rd period - Stopped by David LeNeveu with a rebound.
17:03 of 3rd period - Snap shot by Bobby Butler.
17:03 of 3rd period - Shot Misses the Net.
18:17 of 3rd period - Ryan Jones is hit by Brad Richardson and loses puck.
18:53 of 3rd period - Minor Penalty to Ben Holmstrom for Roughing.
18:54 of 3rd period - Brandon Dubinsky wins face-off versus Jaroslav Balastik in Gangsters zone.
19:25 of 3rd period - Snap shot by T.J. Hensick.
19:25 of 3rd period - Shot Blocked by Matt Delahey.
19:27 of 3rd period - Backhand shot by Anthony Stewart.
19:27 of 3rd period - Goal by Anthony Stewart - Gangsters : 4 - Demolitions : 6.
19:28 of 3rd period - Artem Anisimov wins face-off versus Darren Helm in neutral zone.
19:49 of 3rd period - Minor Penalty to Jaroslav Balastik for Hooking.
19:50 of 3rd period - Daniel Paille wins face-off versus Igor Radulov in Gangsters zone.
Goals for this period are 0 for Gangsters vs 3 for Demolitions.
Shots for this period are 3 for Gangsters vs 11 for Demolitions.


Output by the SimonT Hockey Simulator (STHS) for François Prévost -- Original Page W3C XHTML 1.0 Valid
Hockey Simulator - Hockey Simulation - Hockey Manager